 Dungeon Sprint DCSS version 0.27.0-1-g7a089689b8 (webtiles) character file.

Game seed: 4470303600773509550

2011 xpp the Carver (level 9, -1/91 HPs)
             Began as a Yellow Draconian Berserker on July 31, 2021.
             Was an Elder of Trog.
             Slain by a polar bear (2 damage)
             ... in the Dungeon (Sprint II: "The Violet Keep of Menkaure").
             The game lasted 00:10:03 (939 turns).

xpp the Carver (Yellow Draconian Berserker)          Turns: 939, Time: 00:10:04

Health: -1/91      AC:  7    Str: 20    XL:     9   Next: 2%
Magic:  9/9        EV: 14    Int:  8    God:    Trog [****..]
Gold:   869        SH:  9    Dex: 13    Spells: 8/8 levels left

rFire    . . .     SeeInvis .   a - +0 falchion
rCold    . . .     Faith    .   h - +0 kite shield
rNeg     . . .     Spirit   .   (armour unavailable)
rPois    .         Reflect  .   (helmet restricted)
rElec    .         Harm     .   (no cloak)
rCorr    +         Rampage  .   (no gloves)
Will     .....     Rnd*Rage +   (no boots) Stlth +.........NoTele +
                                (no amulet)
HPRegen  0.25/turn              (no ring)
MPRegen  0.11/turn              (no ring)

@: on berserk cooldown, slowed, very slow
A: spit acid, AC +7, unfitting armour, cold-blooded, acid resistance, berserk 1,
subdued magic 1
a: Breathe Acid, Renounce Religion, Berserk, Trog's Hand, Brothers in Arms


You were in the Dungeon.
You worshipped Trog.
Trog was greatly pleased with you.
You visited 1 branch You collected 972 gold pieces.
You spent 103 gold pieces at shops.

Inventory:

Hand Weapons
 a - a +0 falchion (weapon)
Armour
 h - a +0 kite shield (worn)
Scrolls
 g - a scroll of blinking
Potions
 d - a potion of haste
 e - 2 potions of magic
 f - a potion of berserk rage


   Skills:
 + Level 12.3 Fighting
 + Level 12.3 Long Blades
 * Level 10.9 Dodging
 * Level 3.0 Shields


You had 8 spell levels left.
You didn't know any spells.
Your spell library was empty.

Dungeon Overview and Level Annotations

Branches:
Dungeon (1/1)

Altars:
Dithmenos
Elyvilon
Fedhas
Gozag
Kikubaaqudgha
Makhleb
Nemelex Xobeh
Okawaru
Ru
Sif Muna
Trog
Uskayaw
Vehumet
Wu Jian
Xom
Yredelemnul
Zin
The Shining One
Jiyva
Lugonu

Shops:
D [!:*?:*[[!(!==[

Annotations:
D exclusion: oklob plant, Roxanne


Innate Abilities, Weirdness & Mutations

You can spit globs of acid.
Your golden yellow scales are hard. (AC +7)
You cannot fit into any form of body armour.
You are cold-blooded and may be slowed by cold attacks.
You are resistant to acid. (rCorr)
You tend to lose your temper in combat.
Your spells are a little easier to cast, but a little less powerful.


Message History

Press: ? - help, Shift-Dir - straight line, f - polar bear
Aim: a polar bear (heavily wounded)
You spit a glob of acid.
The glob of acid hits the polar bear.
The polar bear is splashed with acid!
The polar bear is almost dead.
The acid splashes onto the yaktaur!
The yaktaur is splashed with acid!
The acid corrodes the yaktaur!
The yaktaur hits you!
* * * LOW HITPOINT WARNING * * *
The polar bear goes berserk!
You block the yaktaur's attack. The polar bear bites you!!
* * * LOW HITPOINT WARNING * * *
You block the polar bear's attack. x2
You hit the polar bear.
The polar bear is almost dead.
The polar bear misses you. The polar bear claws you.
* * * LOW HITPOINT WARNING * * *
The polar bear misses you. The yaktaur closely misses you.
You block the polar bear's attack. The polar bear completely misses you.
The polar bear closely misses you.
You feel better. The polar bear completely misses you.
You riposte.
You hit the polar bear.
The polar bear is almost dead.
The polar bear closely misses you. You block the polar bear's attack.
The yaktaur misses you.
You riposte.
You hit the yaktaur.
The yaktaur is moderately wounded.
The polar bear closely misses you. You block the polar bear's attack.
The polar bear closely misses you. You block the yaktaur's attack.
You block the polar bear's attack.
The polar bear claws you but does no damage.
You block the polar bear's attack. x2; The polar bear claws you.
* * * LOW HITPOINT WARNING * * *
The polar bear claws you but does no damage.
You block the polar bear's attack. The polar bear misses you.
The polar bear claws you.
* * * LOW HITPOINT WARNING * * *
You have got your breath back.
The polar bear bites you!
* * * LOW HITPOINT WARNING * * *
The polar bear claws you.
You die...

.......# ##+##..# #.
#...##.#### +^###
..#..#....# ^..####
#...####..## #..##$#
##'###.##..# +..#..#
##.###..#..# #..#†c#
'.<.'##.'..####..##.#
##.##.#.#....###@hc##▓▓
##'###.##§.....≈≈≈≈≈≈≈≈≈≈≈
##.#####≈§§....≈#+########
..#..#≈≈≈≈§§≈..≈#_._._...#
#.#.##≈≈≈≈§§≈≈.≈#._._._._#
##+##≈≈§§§§≈≈≈≈≈#_._._._.#
≈≈≈≈≈≈≈≈≈≈≈§§§≈≈#._._._._#
++#§''#≈≈§§≈≈§≈≈#.._._._.#
§§≈≈≈##≈§§###≈≈#..._._


You could see a polar bear (berserk) and a yaktaur (corroded).

Vanquished Creatures
  A merfolk siren (D)
  2 polar bears (D)
  A hornet (D)
  3 neqoxecs (D)
  A water moccasin (D)
  4 necrophages (D)
  4 scorpions (D)
16 creatures vanquished.

Vanquished Creatures (others)
  A neqoxec (D)
  Menkaure (D)
  A water moccasin (D)
3 creatures vanquished.

Grand Total: 19 creatures vanquished

Notes
Turn   | Place    | Note
-------+----------+-------------------------------------------
     0 | D        | xpp the Draconian Berserker began the quest for the Orb.
     0 | D        | Reached XP level 1. HP: 19/19 MP: 1/1
     1 | D        | Noticed a necrophage
     1 | D        | Noticed a necrophage
     1 | D        | Noticed a necrophage
     1 | D        | Noticed a necrophage
     9 | D        | Killed a necrophage
    10 | D        | Reached skill level 5 in Long Blades
    10 | D        | Reached skill level 5 in Dodging
    10 | D        | Reached XP level 2. HP: 24/31 MP: 2/2
    10 | D        | Reached XP level 3. HP: 30/38 MP: 3/3
    10 | D        | Reached XP level 4. HP: 35/45 MP: 4/4
    14 | D        | Killed a necrophage
    15 | D        | Reached XP level 5. HP: 40/53 MP: 5/5
    16 | D        | Killed a water moccasin
    18 | D        | Killed a necrophage
    18 | D        | Reached ** piety under Trog
    23 | D        | Killed a necrophage
    24 | D        | Reached XP level 6. HP: 20/63 MP: 6/6
    89 | D        | Killed Menkaure
   235 | D        | Noticed a merfolk siren
   251 | D        | Killed a merfolk siren
   252 | D        | Reached skill level 10 in Fighting
   252 | D        | Reached skill level 10 in Long Blades
   252 | D        | Your scales start taking on a golden yellow colour.
   252 | D        | Reached XP level 7. HP: 69/73 MP: 7/7
   252 | D        | Gained mutation: You are resistant to acid. (rCorr) [Yellow
                  | Draconian growth]
   314 | D        | Noticed a neqoxec
   314 | D        | Noticed a neqoxec
   316 | D        | Noticed a neqoxec
   324 | D        | Killed a neqoxec
   324 | D        | Reached *** piety under Trog
   326 | D        | Gained mutation: You tend to lose your temper in combat. [a
                  | neqoxec]
   328 | D        | Killed a neqoxec
   329 | D        | Gained mutation: Your spells are a little easier to cast,
                  | but a little less powerful. [a neqoxec]
   333 | D        | Killed a neqoxec
   334 | D        | Reached XP level 8. HP: 78/82 MP: 8/8
   389 | D        | Reached **** piety under Trog
   402 | D        | Reached skill level 10 in Dodging
   442 | D        | Identified Roxanne's Collected Works on Clay
   442 | D        | Noticed Roxanne
   459 | D        | Found Zatol's Jewellery Shoppe.
   459 | D        | Found Peddop's Jewellery Shoppe.
   459 | D        | Found Yvis's Antique Weapon Emporium.
   459 | D        | Found Cefuom's Distillery.
   459 | D        | Found Weuhat's Distillery.
   461 | D        | Found Haly's Antique Armour Shoppe.
   461 | D        | Found Qunn's Antique Armour Emporium.
   462 | D        | Found Busol's General Store.
   462 | D        | Found Waegihiq's Book Emporium.
   462 | D        | Noticed a great orb of eyes
   463 | D        | Found Puikoake's Antique Armour Emporium.
   464 | D        | Found Rip Deul's Magic Scroll Shoppe.
   464 | D        | Found Momaen's Assorted Antiques.
   464 | D        | Noticed an oklob plant
   547 | D        | Found Edojauss's Distillery.
   547 | D        | Found Cisuodaz's Antique Armour Emporium.
   547 | D        | Found Wyasuim's Book Shoppe.
   591 | D        | Bought a kite shield for 103 gold pieces
   900 | D        | Found an iron altar of Okawaru.
   900 | D        | Found an opulent altar of Gozag.
   901 | D        | Found a sparkling altar of Nemelex Xobeh.
   901 | D        | Found a blossoming altar of Fedhas.
   902 | D        | Found a radiant altar of Vehumet.
   902 | D        | Found a burning altar of Makhleb.
   902 | D        | Found a white marble altar of Elyvilon.
   903 | D        | Found a hide-covered altar of Uskayaw.
   903 | D        | Found a corrupted altar of Lugonu.
   903 | D        | Found a shadowy altar of Dithmenos.
   904 | D        | Found a glowing silver altar of Zin.
   904 | D        | Found a bloodstained altar of Trog.
   904 | D        | Found an ancient bone altar of Kikubaaqudgha.
   905 | D        | Found a basalt altar of Yredelemnul.
   905 | D        | Found a shimmering blue altar of Sif Muna.
   905 | D        | Found a viscous altar of Jiyva.
   906 | D        | Found a shimmering altar of Xom.
   906 | D        | Found a sacrificial altar of Ru.
   907 | D        | Found a glowing golden altar of the Shining One.
   907 | D        | Found an ornate altar of the Wu Jian Council.
   908 | D        | Noticed a yaktaur
   908 | D        | Noticed a hornet
   908 | D        | Noticed a polar bear
   910 | D        | Noticed a polar bear
   913 | D        | Killed a polar bear
   913 | D        | Noticed a polar bear
   914 | D        | Reached skill level 1 in Shields
   920 | D        | Killed a polar bear
   924 | D        | Killed a hornet
   925 | D        | Reached XP level 9. HP: 84/91 MP: 9/9
   939 | D        | HP: 1/91 [polar bear (12)]
   939 | D        | Slain by a polar bear

Illustrated notes

Levels and vault maps discovered:
D:        the_violet_keep_of_menkaure [sprint2_stairs_cluster_1,
          sprint2_shoproom, sprint2_temple, sprint2_basic_supplies,
          sprint2_obstacle_6, sprint2_obstacle_1, sprint2_obstacle_7,
          sprint2_obstacle_5, sprint2_obstacle_4, sprint2_timed_cluster_1,
          sprint2_smallroom_cluster_1, sprint2_smallroom_final_cluster_1,
          sprint2_transparent_cluster_1, sprint2_second_timed_cluster_1,
          sprint2_sniper_area_1, sprint2_heavy_combat_area_1,
          sprint2_mutation_trap_area_1, sprint2_forest_area_1,
          sprint2_light_combat_area_1, sprint2_behind_water_1,
          sprint2_near_end_vault_1]

Skill      XL: |  1  2  3  4  5  6  7  8 |
---------------+-------------------------+-----
Fighting       | 6 7 9 10 11 12 | 12.3
Long Blades    | 5 7 8 10 12 | 12.3
Dodging        | 5 6 7 8 9 10 | 10.9
Shields        | 3 |  3.0

Action                   |  1- 3 |  4- 6 |  7- 9 || total
-------------------------+-------+-------+-------++-------
Melee: Falchion          |     5 |    18 |    55 ||    78
       Tailslap          |       |     3 |    10 ||    13
Invok: Berserk           |     1 |     1 |     4 ||     6
       Trog's Hand       |       |     1 |     3 ||     4
 Abil: Breathe Acid      |       |       |     3 ||     3
  Use: Potion            |       |       |     2 ||     2
Armor: Skin              |       |     2 |    25 ||    27
Dodge: Dodged            |     1 |     7 |    55 ||    63
Block: Kite shield       |       |       |    30 ||    30
       Rpst.: Falchion   |       |     4 |    13 ||    17
